[Event "Titled Tuesday Blitz July 4 Early 2023"]
[White "Ezat, Mohamed"]
[Black "UNSTOPPABLE_LEGEND"]
[WhiteFideId "10600906"]
[WhiteElo "2574"]
[BlackElo "2477"]
[Result "1-0"]
[Round "9"]
[TimeControl "180+2"]
[Date "2023.07.04"]
[WhiteClock "0:00:09"]
[BlackClock "0:00:03"]
[Board "87"]

1. d4 g6 2. h4 Bg7 3. h5 c5 4. hxg6 hxg6 5. Rxh8 Bxh8 6. dxc5 Qa5+ 7. Bd2 Qxc5 8. Bc3 Nf6 9. Nd2 Ng4 10. e3 Bxc3 11. bxc3 Qxc3 12. Ne2 Qf6 13. Nf4 d6 14. Ne4 Qe5 15. Bd3 Nc6 16. Rb1 Qa5+ 17. Kf1 Nge5 18. Bb5 a6 19. Bxc6+ bxc6 20. Nxd6+ exd6 21. Qxd6 Bf5 22. Rb7 Nd7 23. e4 Bg4 24. f3 Qe5 25. Rxd7 Qxd6 26. Rxd6 Bd7 27. Nd3 O-O-O 28. Nc5 Be8 29. Rxd8+ Kxd8 30. Nxa6 Bd7 31. Nc5 Bc8 32. Kf2 Kc7 33. Ke3 Kb6 34. Kd4 Kb5 35. c3 g5 36. g3 Bh3 37. f4 gxf4 38. gxf4 Bf1 39. f5 Kb6 40. Nd7+ Kc7 41. Ne5 f6 42. Ng4 Kd6 43. Nxf6 c5+ 44. Ke3 Bc4 45. Ng4 Bxa2 46. Kf4 Bb1 47. Ne3 Bd3 48. e5+ Ke7 49. e6 Kf6 50. Nd5+ Kg7 51. Ke5 Bb5 52. f6+ Kg6 53. f7 Kg7 54. Kd6 Kf8 55. Nc7 Ba4 56. Ke5 Ke7 57. Nd5+ Kf8 58. Kf6 1-0


[Site "https://www.chess.com"]

[Event "Titled Tuesday Blitz July 4 Early 2023"]
[White "Kim, Sergey"]
[Black "Nunez V, Gustavo Eduardo"]
[WhiteFideId "13700570"]
[BlackFideId "4403690"]
[WhiteElo "2574"]
[BlackElo "2471"]
[Result "1-0"]
[Round "9"]
[TimeControl "180+2"]
[Date "2023.07.04"]
[WhiteClock "0:00:15"]
[BlackClock "0:00:12"]
[Board "88"]

1. d4 Nf6 2. c4 g6 3. Nc3 Bg7 4. e4 d6 5. Nge2 O-O 6. Ng3 e5 7. d5 h6 8. Be2 Nbd7 9. O-O a5 10. Be3 b6 11. Qd2 Kh7 12. Rae1 Nc5 13. h3 Ng8 14. Bd1 f5 15. exf5 gxf5 16. f4 e4 17. Be2 Ne7 18. Nh5 Bh8 19. Nb5 Bd7 20. Nd4 Ng6 21. Kh1 Rg8 22. Rg1 Qe7 23. Ref1 Raf8 24. b3 Nh4 25. Qe1 Ng6 26. g4 Nd3 27. Qg3 Qh4 28. Ne6 Qxg3 29. Nxg3 Bxe6 30. dxe6 Ne7 31. gxf5 Nxf5 32. Nxf5 Rxg1+ 33. Kxg1 Rxf5 34. Bg4 Rf8 35. f5 Bf6 36. Bh5 Ne5 37. Kf2 Rg8 38. Rg1 Bh4+ 39. Ke2 Rxg1 40. Bxg1 Kg7 41. Be3 Be7 42. Bg4 h5 43. Bxh5 Kf6 44. Bg4 Nxg4 45. hxg4 Ke5 46. Bh6 c6 47. Bg7+ Kf4 48. f6 Bxf6 49. Bxf6 Kxg4 50. e7 Kf5 51. e8=Q Kxf6 52. Qxc6 Ke5 53. Qd5+ Kf4 54. Qxd6+ Kf5 55. Qxb6 a4 56. bxa4 e3 57. Qxe3 Kf6 58. c5 Kf7 59. c6 Kf6 60. c7 Kg7 61. c8=Q Kh7 62. Qce6 Kh8 63. Q3h6# 1-0


[Site "https://www.chess.com"]

[Event "Titled Tuesday Blitz July 4 Early 2023"]
[White "Sanhueza, Cristian"]
[Black "Gontcharov, Vladislav"]
[WhiteFideId "116815"]
[BlackFideId "4123492"]
[WhiteElo "2460"]
[BlackElo "2566"]
[Result "0-1"]
[Round "9"]
[TimeControl "180+2"]
[Date "2023.07.04"]
[WhiteClock "0:00:07"]
[BlackClock "0:01:11"]
[Board "89"]

1. e4 e6 2. d4 d5 3. Nd2 Be7 4. Ngf3 Nf6 5. Bd3 c5 6. dxc5 O-O 7. Qe2 a5 8. O-O Na6 9. exd5 exd5 10. Ne5 Nxc5 11. Nb3 Nxd3 12. Qxd3 Bd6 13. Bf4 Qc7 14. Rfe1 Nh5 15. Bd2 Bxe5 16. Qxd5 Bxh2+ 17. Kh1 Nf6 18. Qg5 h6 19. Qh4 Be5 20. Rad1 Bf5 21. Be3 Bxb2 22. Bxh6 gxh6 23. Qxh6 Bg6 24. Re3 Ng4 25. Qf4 Qxf4 0-1


[Site "https://www.chess.com"]

[Event "Titled Tuesday Blitz July 4 Early 2023"]
[White "HamedWafa4"]
[Black "Garcia Almaguer, Juan Manuel"]
[BlackFideId "5110491"]
[WhiteElo "2560"]
[BlackElo "2460"]
[Result "0-1"]
[Round "9"]
[TimeControl "180+2"]
[Date "2023.07.04"]
[WhiteClock "0:00:00"]
[BlackClock "0:00:22"]
[Board "90"]

1. e4 e5 2. Nf3 Nc6 3. Bb5 a6 4. Ba4 Nf6 5. O-O Be7 6. Re1 b5 7. Bb3 O-O 8. a4 Bb7 9. d3 d6 10. Nbd2 Na5 11. Ba2 bxa4 12. Nf1 c5 13. Ng3 Rc8 14. Nf5 c4 15. Bd2 cxd3 16. cxd3 Nb3 17. Bxb3 axb3 18. Qxb3 Rb8 19. Qa4 Nd7 20. Be3 Re8 21. Rac1 Bf8 22. Qa2 Nc5 23. Red1 Nxd3 24. Nh6+ gxh6 25. Rxd3 Bxe4 26. Rdc3 d5 27. Rc7 Qf6 28. Nd2 Bg6 29. Qxd5 Rxb2 30. h3 Rd8 31. Rd7 Rb5 32. Rxd8 Rxd5 33. Rxd5 Qe6 34. Rd8 Bf5 35. Nf3 Kg7 36. Nh4 Be7 37. Rdd1 Bg6 0-1


[Site "https://www.chess.com"]

[Event "Titled Tuesday Blitz July 4 Early 2023"]
[White "Przybylski, Wojciech"]
[Black "Gomez Barrera, Javiera Belen"]
[WhiteFideId "1117599"]
[BlackFideId "3418723"]
[WhiteElo "2557"]
[BlackElo "2456"]
[Result "0-1"]
[Round "9"]
[TimeControl "180+2"]
[Date "2023.07.04"]
[WhiteClock "0:00:09"]
[BlackClock "0:00:03"]
[Board "91"]

1. e4 c5 2. Nf3 Nc6 3. d4 cxd4 4. Nxd4 e5 5. Nb3 Nf6 6. Bd3 d5 7. Nc3 Bb4 8. exd5 Nxd5 9. Bd2 Nxc3 10. bxc3 Be7 11. O-O Be6 12. f4 exf4 13. Bxf4 Bf6 14. Qd2 O-O 15. Rae1 Qd5 16. c4 Qh5 17. Kh1 Rad8 18. Qf2 Nd4 19. Nd2 Nf5 20. Ne4 Bd4 21. Qd2 Bb6 22. c5 Rxd3 23. cxd3 Bd8 24. d4 Bd5 25. Ng3 Nxg3+ 26. Bxg3 Bf6 27. Qe3 Qh3 28. Rf2 h6 29. Kg1 Qd7 30. Be5 Bg5 31. Qd3 f6 32. Bd6 Re8 33. Rfe2 Rxe2 34. Qxe2 Bf7 35. Qe4 f5 36. Qc2 Qc6 37. Be5 Be6 38. h3 Qd5 39. Rb1 Bd7 40. Qe2 Bc6 41. Rf1 Qe6 42. Qf2 Be4 43. Bf4 Bf6 44. Rd1 Qd5 45. Kh2 Kh7 46. Bd6 Bg5 47. h4 Bf6 48. Bf4 Qc4 49. Be3 Qd5 50. Rc1 Bd8 51. Bf4 Bf6 52. Rd1 Be7 53. Qe3 Qxa2 54. d5 Bxh4 55. d6 Qxg2# 0-1


[Site "https://www.chess.com"]

[Event "Titled Tuesday Blitz July 4 Early 2023"]
[White "Thecourseoisildur"]
[Black "Zacurdajev, Dmitry"]
[BlackFideId "4196309"]
[WhiteElo "2551"]
[BlackElo "2453"]
[Result "1-0"]
[Round "9"]
[TimeControl "180+2"]
[Date "2023.07.04"]
[WhiteClock "0:00:05"]
[BlackClock "0:00:18"]
[Board "92"]

1. e4 c6 2. d4 d5 3. e5 c5 4. dxc5 e6 5. Nf3 Bxc5 6. Bd3 Ne7 7. a3 Ng6 8. b4 Be7 9. O-O Nc6 10. Bb2 Qc7 11. Nc3 a6 12. b5 Ncxe5 13. Nxe5 Nxe5 14. Re1 Nxd3 15. Qxd3 Qc4 16. Qg3 Bf6 17. Nxd5 Qxd5 18. Bxf6 gxf6 19. Rad1 Qxb5 20. Qg7 Rf8 21. Qxf6 Bd7 22. Re5 Qa4 23. Rc5 Qxa3 24. Rc7 Rd8 25. h4 Qe7 26. Qd4 Rg8 27. Rxb7 Rxg2+ 28. Kxg2 Bc6+ 29. Kh2 Bxb7 30. Qh8+ Qf8 31. Rxd8+ Kxd8 32. Qxf8+ Kc7 33. Qxf7+ Kb6 34. Qxe6+ Ka7 35. Qe3+ 1-0


[Site "https://www.chess.com"]

[Event "Titled Tuesday Blitz July 4 Early 2023"]
[White "Mamedov, Edgar"]
[Black "Itkis, Boris"]
[WhiteFideId "13739980"]
[BlackFideId "1209167"]
[WhiteElo "2550"]
[BlackElo "2453"]
[Result "1-0"]
[Round "9"]
[TimeControl "180+2"]
[Date "2023.07.04"]
[WhiteClock "0:02:23"]
[BlackClock "0:01:40"]
[Board "93"]

1. d4 d5 2. Nf3 e6 3. c4 Nf6 4. Nc3 Be7 5. cxd5 exd5 6. Bf4 O-O 7. e3 b6 8. Bd3 c5 9. O-O Nc6 10. Ne5 Nxe5 11. dxe5 Nd7 12. Nxd5 Bb7 13. Be4 Rb8 14. e6 fxe6 15. Bxb8 1-0


[Site "https://www.chess.com"]

[Event "Titled Tuesday Blitz July 4 Early 2023"]
[White "Goncalves, Davi Sulzbacher"]
[Black "Rodchenkov, Sergey D."]
[WhiteFideId "2154510"]
[BlackFideId "4168712"]
[WhiteElo "2453"]
[BlackElo "2549"]
[Result "0-1"]
[Round "9"]
[TimeControl "180+2"]
[Date "2023.07.04"]
[WhiteClock "0:00:00"]
[BlackClock "0:00:05"]
[Board "94"]

1. e4 c5 2. Nf3 d6 3. d4 cxd4 4. Nxd4 Nf6 5. Nc3 a6 6. Bg5 e6 7. f4 h6 8. Bh4 Qb6 9. Qd2 Nc6 10. Nxc6 bxc6 11. Be2 d5 12. e5 Nd7 13. Bh5 g6 14. Bf3 a5 15. Bf2 Bc5 16. O-O Ba6 17. Na4 Bxf2+ 18. Rxf2 Qb4 19. Qxb4 axb4 20. a3 Bb5 21. b3 bxa3 22. Nc3 Ke7 23. Nb1 g5 24. g3 gxf4 25. gxf4 Rhg8+ 26. Rg2 Rxg2+ 27. Kxg2 f6 28. exf6+ Kxf6 29. Rxa3 Rg8+ 30. Kf2 e5 31. Nc3 e4 32. Bh5 Kf5 33. Nxb5 cxb5 34. Ra7 Nf6 35. Bf7 Rc8 36. Ra6 Rxc2+ 37. Kg3 Rc3+ 38. Kh4 e3 39. Re6 Ne4 40. Re5+ Kxf4 0-1


[Site "https://www.chess.com"]

[Event "Titled Tuesday Blitz July 4 Early 2023"]
[White "Ladan, Nicholas"]
[Black "Estrada Nieto, Julian"]
[WhiteFideId "30918855"]
[BlackFideId "5101018"]
[WhiteElo "2449"]
[BlackElo "2545"]
[Result "1-0"]
[Round "9"]
[TimeControl "180+2"]
[Date "2023.07.04"]
[WhiteClock "0:01:03"]
[BlackClock "0:00:00"]
[Board "95"]

1. e3 e5 2. Nc3 Nf6 3. d4 exd4 4. exd4 d5 5. Nf3 Bb4 6. Bd3 O-O 7. O-O Bg4 8. h3 Bh5 9. Bg5 Bxc3 10. bxc3 h6 11. Bh4 Nbd7 12. Rb1 Nb6 13. Qd2 Bxf3 14. gxf3 Ne4 15. Qf4 g5 16. fxe4 gxf4 17. Bxd8 Rfxd8 18. exd5 Rxd5 19. Kg2 c5 20. Be4 Rg5+ 21. Kf3 cxd4 22. cxd4 Rd8 23. c3 Ra5 24. Bxb7 Rxa2 25. Ra1 Rc2 26. Rfc1 Rxc1 27. Rxc1 Rd7 28. Bc6 Rd6 29. Be4 a5 30. Kxf4 a4 31. Bb1 Rc6 32. Ba2 Kg7 33. c4 a3 34. c5 Na4 35. Ke5 Rf6 36. c6 Rxf2 37. c7 1-0


[Site "https://www.chess.com"]

[Event "Titled Tuesday Blitz July 4 Early 2023"]
[White "WindWhistler11"]
[Black "Marn, Jan"]
[BlackFideId "14619245"]
[WhiteElo "2542"]
[BlackElo "2445"]
[Result "0-1"]
[Round "9"]
[TimeControl "180+2"]
[Date "2023.07.04"]
[WhiteClock "0:00:00"]
[BlackClock "0:00:05"]
[Board "96"]

1. Nf3 Nf6 2. g3 d5 3. c4 e6 4. Bg2 dxc4 5. Qa4+ c6 6. Qxc4 b5 7. Qc2 Bb7 8. O-O Nbd7 9. d3 Rc8 10. a4 a6 11. Nbd2 Be7 12. b3 O-O 13. Bb2 c5 14. e4 Qb6 15. h3 Rfd8 16. Kh2 Bf8 17. Bc3 c4 18. bxc4 bxc4 19. Nxc4 Qa7 20. Ba5 Re8 21. Rab1 Ba8 22. Qe2 Qc5 23. Bb4 Qc6 24. Bxf8 Rxf8 25. Nfe5 Nxe5 26. Nxe5 Qxa4 27. Nc4 Rc5 28. Qe3 Rxc4 29. dxc4 Qxc4 30. Rfc1 Qa4 31. Ra1 Qb5 32. Rc5 Qb7 33. Rac1 Nxe4 34. R5c4 f5 35. Bxe4 fxe4 36. Rc7 Qd5 37. R1c5 Qa2 38. Kg1 Qb1+ 39. Kg2 Qa1 40. Rc3 h6 41. Qd4 e3+ 42. f3 Bxf3+ 0-1


[Site "https://www.chess.com"]

[Event "Titled Tuesday Blitz July 4 Early 2023"]
[White "Frolyanov, Dmitry"]
[Black "Hoffmann, Asa"]
[WhiteFideId "4151976"]
[BlackFideId "2001470"]
[WhiteElo "2539"]
[BlackElo "2436"]
[Result "0-1"]
[Round "9"]
[TimeControl "180+2"]
[Date "2023.07.04"]
[WhiteClock "0:00:10"]
[BlackClock "0:00:03"]
[Board "97"]

1. d4 Nf6 2. c4 c5 3. d5 e5 4. Nc3 d6 5. e4 Be7 6. h3 Nbd7 7. Be3 Nf8 8. g3 Ng6 9. Bg2 O-O 10. Nge2 a6 11. h4 Ng4 12. Bd2 f5 13. h5 Nh8 14. f3 Nf6 15. exf5 Bxf5 16. h6 g6 17. Bg5 Nf7 18. Be3 Qe8 19. g4 Bd7 20. g5 Nh5 21. Ne4 b5 22. Qd2 bxc4 23. O-O-O Rb8 24. N2c3 Bf5 25. Rdg1 Nf4 26. Bxf4 exf4 27. Qxf4 Ne5 28. Bf1 Qd8 29. Nxc5 Qb6 30. N5a4 Qb4 31. Qd4 Bd7 32. f4 Bxa4 33. Nxa4 Qxa4 34. fxe5 Qxa2 35. e6 Qa1+ 36. Kc2 Rf2+ 37. Be2 Rxe2+ 38. Kc3 Qxb2+ 39. Kxc4 Rc8+ 0-1


[Site "https://www.chess.com"]

[Event "Titled Tuesday Blitz July 4 Early 2023"]
[White "Bueno, Alfeu Junior Varela"]
[Black "Namitbir Singh Walia"]
[WhiteFideId "2108879"]
[BlackFideId "35071068"]
[WhiteElo "2444"]
[BlackElo "2537"]
[Result "0-1"]
[Round "9"]
[TimeControl "180+2"]
[Date "2023.07.04"]
[WhiteClock "0:00:16"]
[BlackClock "0:00:10"]
[Board "98"]

1. e4 e5 2. Nc3 Nf6 3. f4 d5 4. fxe5 Nxe4 5. Qf3 Nxc3 6. dxc3 Nc6 7. Bb5 Bc5 8. Qg3 Be6 9. Nf3 Rg8 10. Nd4 Qd7 11. Be3 Bxd4 12. cxd4 a6 13. Bd3 O-O-O 14. Bxh7 Rh8 15. Qxg7 Bf5 16. Bxf5 Qxf5 17. O-O-O Rdg8 18. Qf6 Qxf6 19. exf6 Rxg2 20. h4 Rh5 21. Bg5 Nd8 22. Rde1 Kd7 23. Re7+ Kc6 24. Rhe1 Rh8 25. Re8 Rxe8 26. Rxe8 Ne6 27. Rxe6+ fxe6 28. f7 Rf2 29. h5 Rxf7 30. h6 Kd7 31. Kd1 Ke8 32. Ke2 Kf8 33. Ke3 Kg8 34. Bf4 Kh7 35. c3 Kg6 36. Kf3 c5 37. dxc5 e5 0-1


[Site "https://www.chess.com"]

[Event "Titled Tuesday Blitz July 4 Early 2023"]
[White "Osmak, Yuliia"]
[Black "GAO"]
[WhiteFideId "14101602"]
[WhiteElo "2535"]
[BlackElo "2415"]
[Result "1-0"]
[Round "9"]
[TimeControl "180+2"]
[Date "2023.07.04"]
[WhiteClock "0:00:18"]
[BlackClock "0:00:08"]
[Board "99"]

1. Nf3 Nf6 2. g3 b5 3. Bg2 Bb7 4. O-O e6 5. b3 d5 6. Bb2 Be7 7. d3 c5 8. Nbd2 O-O 9. Qe1 a5 10. e4 a4 11. e5 Nfd7 12. h4 Nc6 13. a3 Qc7 14. Qe2 axb3 15. cxb3 Nb6 16. h5 c4 17. bxc4 bxc4 18. dxc4 Ba6 19. h6 g6 20. Rfc1 Na5 21. Qe3 Nbxc4 22. Qf4 Qd8 23. Bc3 Nxd2 24. Nxd2 Bd3 25. Bb4 Nc4 26. Nxc4 Bxc4 27. Rxc4 dxc4 28. Bxa8 Bg5 29. Qg4 Bxh6 30. Bc6 Qc7 31. Bxf8 Bxf8 32. Qxc4 Qxe5 33. Rd1 h5 34. a4 Kg7 35. Qd4 Qxd4 36. Rxd4 Bc5 37. Rc4 Bb6 38. Rb4 Bc5 39. Rb5 Bd4 40. a5 g5 41. a6 h4 42. Rxg5+ Kf6 43. Rg4 Bb6 44. Rxh4 Ke7 45. Rb4 Kd6 46. Rxb6 Kc7 47. Rb7+ Kxc6 48. Rxf7 Kb6 49. a7 e5 50. a8=Q e4 51. Qxe4 Kc5 52. Rf5+ Kd6 53. Qg4 Kc7 54. Qg6 Kd7 55. Rf7+ Ke8 56. Qg8# 1-0


[Site "https://www.chess.com"]

[Event "Titled Tuesday Blitz July 4 Early 2023"]
[White "Tikhonov, Viacheslav"]
[Black "FuenfgegenWilly"]
[WhiteFideId "44196407"]
[WhiteElo "2534"]
[BlackElo "2410"]
[Result "1-0"]
[Round "9"]
[TimeControl "180+2"]
[Date "2023.07.04"]
[WhiteClock "0:00:05"]
[BlackClock "0:00:01"]
[Board "100"]

1. d4 d5 2. c4 e5 3. Nf3 e4 4. Ng1 c6 5. f3 exf3 6. Nxf3 Nf6 7. Bg5 h6 8. Bh4 Bf5 9. Nbd2 Be7 10. Qb3 Qb6 11. e3 Nbd7 12. Be2 O-O 13. O-O Be6 14. c5 Qxb3 15. Nxb3 b6 16. cxb6 axb6 17. a3 c5 18. Bb5 g5 19. Be1 Ne4 20. Rc1 Kg7 21. Nbd2 f5 22. Nb3 Rac8 23. Ba6 Rc7 24. Bb5 Bf6 25. Nfd2 Rfc8 26. Nxe4 dxe4 27. Bxd7 Rxd7 28. Na1 Rdc7 29. dxc5 Bxb2 30. Rb1 Bf6 31. cxb6 Rb7 32. Ba5 Ra8 33. Bd2 Rxa3 34. Nc2 Ra2 35. Rfc1 Bb2 36. Rxb2 Rxb2 37. Bc3+ Kg6 38. Bxb2 Rxb6 39. Bd4 Ra6 40. Nb4 Ra8 41. Rc6 Kf7 42. Rc7+ Kg6 43. Nc6 Ra2 44. Ne5+ Kh5 45. h3 Kh4 46. Kh2 f4 47. Rh7 h5 48. Ng6# 1-0


[Site "https://www.chess.com"]

[Event "Titled Tuesday Blitz July 4 Early 2023"]
[White "Demin, Vladimir"]
[Black "Topalov, Aleksandar"]
[WhiteFideId "4167457"]
[BlackFideId "925659"]
[WhiteElo "2532"]
[BlackElo "2395"]
[Result "1-0"]
[Round "9"]
[TimeControl "180+2"]
[Date "2023.07.04"]
[WhiteClock "0:00:51"]
[BlackClock "0:00:00"]
[Board "101"]

1. d4 Nf6 2. Nc3 d5 3. Bf4 c6 4. e3 Bf5 5. f3 h5 6. Bd3 Bxd3 7. Qxd3 Nbd7 8. O-O-O Qa5 9. e4 e6 10. exd5 Nxd5 11. Nxd5 cxd5 12. Kb1 Be7 13. g4 Nb6 14. Bd2 Qa6 15. Qxa6 bxa6 16. Ne2 Kd7 17. Nf4 hxg4 18. fxg4 Nc4 19. Bc1 Rab8 20. Nd3 Na3+ 21. Ka1 Nxc2+ 22. Kb1 Na3+ 23. Ka1 Nc4 24. g5 Bd6 25. h4 g6 26. b3 Na5 27. Rdf1 Rh7 28. Bf4 Nc6 29. Bxd6 Kxd6 30. Rf4 Rbh8 31. Kb2 a5 32. Kc3 Ne7 33. Rf6 Nf5 34. Ne5 Rc8+ 35. Kd3 Rc7 36. Re1 Ng3 37. h5 gxh5 38. g6 fxg6 39. Rxg6 Ne4 40. Rg8 Rc3+ 41. Ke2 h4 42. Reg1 Rc2+ 43. Kd1 Rxa2 44. Rd8+ Kc7 45. Rgg8 1-0


[Site "https://www.chess.com"]

[Event "Titled Tuesday Blitz July 4 Early 2023"]
[White "Ahn, Hongjin"]
[Black "Hajiyev, Kanan"]
[WhiteFideId "13201492"]
[BlackFideId "13404148"]
[WhiteElo "2386"]
[BlackElo "2531"]
[Result "1/2-1/2"]
[Round "9"]
[TimeControl "180+2"]
[Date "2023.07.04"]
[WhiteClock "0:00:03"]
[BlackClock "0:00:03"]
[Board "102"]

1. c4 Nf6 2. Nc3 e6 3. d4 d5 4. cxd5 exd5 5. Bg5 h6 6. Bxf6 gxf6 7. e3 c6 8. Rc1 Bf5 9. Nge2 Bd6 10. Ng3 Bg6 11. f4 f5 12. Bd3 Qf6 13. Qb3 Qe7 14. Kf2 O-O 15. Bxf5 Re8 16. Rce1 Kh7 17. Qc2 Na6 18. h4 Nb4 19. Qb1 Qf6 20. h5 Bxf5 21. Nxf5 Kh8 22. a3 Na6 23. g4 Nc7 24. Reg1 Qe6 25. Qd3 Bf8 26. g5 hxg5 27. fxg5 Nb5 28. Nxb5 cxb5 29. g6 fxg6 30. hxg6+ Kg8 31. g7 Bd6 32. Rh8+ Kf7 33. Nh6+ Ke7 34. g8=Q Rf8+ 35. Ke2 Rxg8 36. Nxg8+ Kd7 37. Qh7+ Kc6 38. Rc1+ Kb6 39. Qh6 Qd7 40. Nf6 Qe6 41. Nxd5+ Qxd5 42. Kd3 Rxh8 43. Qg6 Qb3+ 44. Rc3 Qd1+ 45. Ke4 Qb1+ 46. Rd3 Rd8 47. Kd5 Qa2+ 48. Ke4 Qc4 49. Kf3 Qd5+ 50. Ke2 Rc8 51. Rd2 Qc4+ 52. Kf3 Qc6+ 53. Ke2 Qh1 54. e4 Rc6 55. d5 Qh2+ 56. Kd3 Qh3+ 57. Ke2 Qh2+ 58. Kd3 Qh3+ 59. Ke2 Qh2+ 1/2-1/2


[Site "https://www.chess.com"]

[Event "Titled Tuesday Blitz July 4 Early 2023"]
[White "Karamsetty, Jeevan"]
[Black "Labussiere, Yago"]
[WhiteFideId "2025337"]
[BlackFideId "2186969"]
[WhiteElo "2527"]
[BlackElo "2387"]
[Result "0-1"]
[Round "9"]
[TimeControl "180+2"]
[Date "2023.07.04"]
[WhiteClock "0:00:00"]
[BlackClock "0:01:12"]
[Board "103"]

1. c4 e5 2. Nc3 Nc6 3. e3 g6 4. d4 d6 5. Nf3 Bg7 6. Be2 Nf6 7. O-O exd4 8. exd4 O-O 9. b3 Bf5 10. Bb2 Ne4 11. Nxe4 Bxe4 12. Bd3 Re8 13. Bxe4 Rxe4 14. Rb1 Qe7 15. d5 Ne5 16. Bxe5 Bxe5 17. Nxe5 Qxe5 18. Qf3 Re8 19. g3 a5 20. Qg2 h5 21. Qh3 b6 22. Qd7 Re7 23. Qc8+ Kg7 24. h4 Qd4 25. Rbd1 Qb2 26. Qd8 Qxa2 27. Rd3 a4 28. bxa4 Qxc4 29. Rf3 Qxd5 30. Kg2 R4e5 31. Rc1 c5 32. Rc3 Re1 33. Rd3 Qe4 34. Qxd6 Re6 35. Qd8 Qe2 36. Rd7 Qf1+ 0-1


[Site "https://www.chess.com"]

[Event "Titled Tuesday Blitz July 4 Early 2023"]
[White "Toolin, Christopher"]
[Black "Vyatkin, Dmitry"]
[WhiteFideId "2024543"]
[BlackFideId "4171900"]
[WhiteElo "2366"]
[BlackElo "2526"]
[Result "1/2-1/2"]
[Round "9"]
[TimeControl "180+2"]
[Date "2023.07.04"]
[WhiteClock "0:00:34"]
[BlackClock "0:01:07"]
[Board "104"]

1. e4 e6 2. d4 d5 3. Nc3 Nf6 4. e5 Nfd7 5. f4 c5 6. Nf3 Nc6 7. Be3 cxd4 8. Nxd4 Bc5 9. Qd2 O-O 10. O-O-O a6 11. Qf2 Bxd4 12. Bxd4 b5 13. h4 b4 14. Ne2 a5 15. Be3 Ba6 16. h5 Qc7 17. h6 g6 18. Kb1 Rfc8 19. Rc1 a4 20. Nd4 Nxd4 21. Bxd4 b3 22. a3 Qb7 23. Bxa6 Qxa6 24. Rh3 Qb5 25. Qd2 Nb6 1/2-1/2


[Site "https://www.chess.com"]

[Event "Titled Tuesday Blitz July 4 Early 2023"]
[White "Rosh Jain"]
[Black "Shvedova, Alexandra"]
[WhiteFideId "25789465"]
[BlackFideId "54154782"]
[WhiteElo "2365"]
[BlackElo "2525"]
[Result "1-0"]
[Round "9"]
[TimeControl "180+2"]
[Date "2023.07.04"]
[WhiteClock "0:01:15"]
[BlackClock "0:00:35"]
[Board "105"]

1. e4 e5 2. Nf3 Nc6 3. Bb5 Nf6 4. d3 d6 5. O-O a6 6. Ba4 g6 7. c3 Bg7 8. h3 O-O 9. Re1 Re8 10. Nbd2 h6 11. Nf1 b5 12. Bc2 d5 13. Ng3 Bb7 14. Qe2 Qd7 15. a4 b4 16. Bb3 Na5 17. Bc2 b3 18. Bb1 dxe4 19. dxe4 Rad8 20. Be3 Qe6 21. Nd2 Rd7 22. Ra3 Bf8 23. Ra1 Red8 24. f3 Rd6 25. Kh1 Qd7 26. Ngf1 Bc6 27. Nc4 Nxc4 28. Qxc4 Qe6 29. Qxe6 Rxe6 30. Nd2 Rb8 31. Bd3 Nd7 32. Bc4 Ree8 33. Nxb3 Nb6 34. Bxb6 Rxb6 35. Na5 Ba8 36. b4 Kg7 37. Nb3 Bc6 38. a5 Rbb8 39. Bxa6 f5 40. Bc4 Kf6 41. a6 Red8 42. Na5 Ba8 43. Rad1 Rd6 44. Rxd6+ Bxd6 45. Bd5 Bxd5 46. exd5 Ra8 47. b5 Bc5 48. c4 Bd4 49. Nc6 Bc5 50. Rxe5 Bd6 51. Re6+ Kf7 52. Rxd6 cxd6 53. b6 Rxa6 54. b7 1-0


[Site "https://www.chess.com"]

[Event "Titled Tuesday Blitz July 4 Early 2023"]
[White "Juknis, Paulius"]
[Black "Yelisieiev, Yevhenii"]
[WhiteFideId "12802247"]
[BlackFideId "14139642"]
[WhiteElo "2350"]
[BlackElo "2524"]
[Result "0-1"]
[Round "9"]
[TimeControl "180+2"]
[Date "2023.07.04"]
[WhiteClock "0:00:11"]
[BlackClock "0:00:53"]
[Board "106"]

1. e4 d6 2. d4 Nf6 3. Nc3 e5 4. Nf3 Nbd7 5. Rg1 g6 6. g4 Bg7 7. g5 Nh5 8. Be3 c6 9. Qd2 O-O 10. O-O-O Qa5 11. Kb1 b5 12. Nd5 Qd8 13. dxe5 cxd5 14. Qxd5 Rb8 15. exd6 Nb6 16. Qxb5 Be6 17. Qa6 Na4 18. Qxa4 Rxb2+ 19. Kc1 Rxa2 20. Qb4 a5 21. Qb6 Bc3 22. Qxa5 0-1


[Site "https://www.chess.com"]

[Event "Titled Tuesday Blitz July 4 Early 2023"]
[White "David, Bogdan-Emanuel"]
[Black "Cardozo Munar, Carlos Eduardo"]
[WhiteFideId "1229907"]
[BlackFideId "4409477"]
[WhiteElo "2522"]
[BlackElo "2341"]
[Result "1-0"]
[Round "9"]
[TimeControl "180+2"]
[Date "2023.07.04"]
[WhiteClock "0:00:19"]
[BlackClock "0:00:26"]
[Board "107"]

1. e4 e5 2. Nc3 Nf6 3. f4 d6 4. Bc4 Nc6 5. d3 a6 6. Nf3 Bg4 7. h3 Bxf3 8. Qxf3 exf4 9. Bxf4 Qd7 10. O-O O-O-O 11. Qf2 Be7 12. a3 h6 13. Bxf7 g5 14. Be3 Rdf8 15. Bg6 Nxe4 16. Qe2 Ng3 17. Rxf8+ Rxf8 18. Qd2 Ne5 19. Be4 g4 20. Bf4 Nxe4 21. dxe4 gxh3 22. Bxe5 dxe5 23. Qxd7+ Kxd7 24. gxh3 Bc5+ 25. Kh1 Rf2 26. Rd1+ Ke6 27. Nd5 c6 28. b4 Ba7 29. Nc7+ Ke7 30. c4 Bd4 31. Rg1 Rf7 32. Rg6 Kd7 33. Ne6 Re7 34. Ng7 Rf7 35. Nf5 h5 36. Kg2 Kc7 37. Rh6 Bb2 38. a4 Rd7 39. Rxh5 Rd2+ 40. Kf3 Rc2 41. Rh7+ Kb8 42. Nd6 b5 43. axb5 axb5 44. cxb5 cxb5 45. Rb7+ Ka8 46. Rxb5 Rc3+ 47. Kg4 Rd3 48. Nc4 Bc3 49. Nxe5 Rd4 50. Nc6 Rxe4+ 51. Kf3 Re8 52. h4 Rh8 53. h5 Bd2 54. Kg4 Rc8 55. Rc5 Bxb4 56. Rc2 Bf8 57. Kg5 Rc7 58. Kg6 Kb7 59. Nd8+ Kc8 60. Rxc7+ Kxc7 61. Ne6+ Kd7 62. Nxf8+ Ke8 63. Kg7 Ke7 64. h6 Kd6 65. h7 Ke5 66. h8=Q Kd6 67. Qh6+ Ke5 68. Qe6+ Kd4 69. Qf5 Ke3 70. Qg4 Kd3 71. Qf4 Kc3 72. Qe4 Kd2 73. Qf3 Kc2 74. Qe3 Kb2 75. Qd3 Ka2 76. Qc3 Kb1 77. Qd2 Ka1 78. Kf6 Kb1 79. Ke5 Ka1 80. Kd4 Kb1 81. Kc3 Ka1 82. Qb2# 1-0


[Site "https://www.chess.com"]

[Event "Titled Tuesday Blitz July 4 Early 2023"]
[White "Sreyas Payyappat"]
[Black "Torres Hernandez, Leslie Carolin"]
[WhiteFideId "46674969"]
[BlackFideId "8400504"]
[WhiteElo "2522"]
[BlackElo "2328"]
[Result "1-0"]
[Round "9"]
[TimeControl "180+2"]
[Date "2023.07.04"]
[WhiteClock "0:01:19"]
[BlackClock "0:00:08"]
[Board "108"]

1. e4 e6 2. d4 d5 3. Nc3 Bb4 4. e5 c5 5. a3 Bxc3+ 6. bxc3 Ne7 7. Qg4 Qc7 8. Qxg7 Rg8 9. Qxh7 cxd4 10. Ne2 dxc3 11. f4 Nbc6 12. Qd3 Bd7 13. Be3 Rc8 14. Nxc3 Nxe5 15. fxe5 Qxc3+ 16. Qxc3 Rxc3 17. Kd2 Rc8 18. Rb1 b6 19. g3 Ba4 20. Bd3 Nc6 21. Bf4 Na5 22. Rb4 Nc4+ 23. Bxc4 Rxc4 24. Rxc4 dxc4 25. h4 Bc6 26. Rh2 Be4 27. h5 Bf5 28. h6 Rh8 29. Bg5 Rh7 30. Bf6 Kd7 31. Bg7 Kc6 32. Ke3 Kd5 33. Kf4 Bg6 34. Kg5 c3 35. Kf6 b5 36. Ke7 a5 37. Kf8 b4 38. axb4 axb4 39. Kg8 b3 40. cxb3 c2 41. Rxc2 Bxc2 42. Kxf7 Ke4 43. b4 Kf3 44. b5 Kxg3 45. b6 Be4 46. Kxe6 Kg4 47. Kf6 Kh5 48. e6 1-0


[Site "https://www.chess.com"]

[Event "Titled Tuesday Blitz July 4 Early 2023"]
[White "Osinovsky, Stepan"]
[Black "gueraumasague"]
[WhiteFideId "4157354"]
[WhiteElo "2315"]
[BlackElo "2522"]
[Result "0-1"]
[Round "9"]
[TimeControl "180+2"]
[Date "2023.07.04"]
[WhiteClock "0:00:00"]
[BlackClock "0:02:00"]
[Board "109"]

1. f3 g6 2. e4 Bg7 3. d4 d5 4. Be3 dxe4 5. Nc3 exf3 6. Qxf3 Nf6 7. h3 c6 8. O-O-O Qa5 9. Kb1 Be6 10. Nge2 Nd5 11. Bd2 Qb6 12. Na4 Qc7 13. g4 Nd7 14. c4 N5b6 0-1


[Site "https://www.chess.com"]